 Dungeon Crawl Stone Soup version 0.23.2-40-g277498a001 (webtiles) character file.

Game seed: 17875583618844536134

292 Exodus22XD the Sneak (level 6, -1/38 HPs)
             Began as an Octopode Transmuter on Sept 6, 2019.
             Slain by Grinder (4 damage)
             ... while paralysed by Grinder
             ... on level 4 of the Dungeon.
             The game lasted 00:11:37 (4037 turns).

Exodus22XD the Sneak (Octopode Transmuter)          Turns: 4037, Time: 00:11:38

Health: -1/38      AC:  1    Str: 10    XL:     6   Next: 33%
Magic:  1/10       EV:  2    Int: 17    God:
Gold:   181        SH:  0    Dex: 12    Spells: 8/11 levels left

rFire    . . .     SeeInvis .   k - +0 dagger
rCold    . . .     Gourm    .   (no shield)
rNeg     . . .     Faith    +   (helmet restricted)
rPois    .         Spirit   .   f - amulet of faith
rElec    .         Reflect  .   (no ring)
rCorr    .         Harm     .   (no ring)
MR       .....                  (no ring)
Stlth    ++++......             (no ring)
HPRegen  0.12/turn              (no ring)
MPRegen  0.12/turn              (no ring)
                                (no ring)
                                (no ring)

@: paralysed, appendage (expiring), very slightly contaminated
A: almost no armour, stealthy swim, amphibious, 8 rings, constrict 8, tentacle
spike 3, camouflage 1, gelatinous body 1
a: End Transformation


You were on level 4 of the Dungeon.
You were hungry.
One of your tentacles had a temporary spike.
You visited 1 branch of the dungeon, and saw 4 of its levels.

You collected 181 gold pieces.

Inventory:

Hand Weapons
 b - a +0 hand axe
 k - a +0 dagger (weapon)
Missiles
 a - 45 arrows
Jewellery
 f - an amulet of faith (around mantle)
Wands
 t - a wand of flame (13)
Scrolls
 e - 2 scrolls of remove curse {unknown}
 g - a scroll of enchant weapon {unknown}
 h - 2 scrolls of blinking
 i - a scroll of amnesia {unknown}
 j - a scroll of fog {unknown}
 m - 5 scrolls of teleportation
 q - a scroll of magic mapping {unknown}
 r - a scroll of identify
Potions
 d - a potion of cancellation
 l - a potion of magic {unknown}
 n - 2 potions of berserk rage {unknown}
 o - a potion of ambrosia {unknown}
 p - a potion of heal wounds {unknown}
 s - a potion of lignification {unknown}
 u - 2 potions of brilliance {unknown}
Comestibles
 c - 5 rations


   Skills:
 - Level 1.0 Fighting
 + Level 3.4 Dodging
 + Level 4.3 Stealth
 + Level 3.8 Unarmed Combat
 + Level 3.1 Spellcasting
 + Level 3.0 Transmutations


You had 8 spell levels left.
You knew the following spells:

 Your Spells              Type           Power        Failure   Level  Hunger
a - Beastly Appendage     Tmut           ##....       4%          1    None
b - Sticks to Snakes      Tmut           ##......     8%          2    ##.....

Your spell library contained the following spells:

 Spells                   Type           Power        Failure   Level  Hunger
 Spider Form              Tmut/Pois      #.........   28%         3    ###....
 Ice Form                 Ice/Tmut       #.......     67%         4    ####...
 Blade Hands              Tmut           ##........   80%         5    ######.


Dungeon Overview and Level Annotations

Branches:
Dungeon (4/15)
 Temple: D:4-7

Altars:
Gozag
Qazlal

Shops:
D:4 }

Annotations:
D:4 Grinder


Innate Abilities, Weirdness & Mutations

You cannot wear most types of armour.
You are very stealthy in the water. (Stealth+)
You are amphibious.
You can wear up to eight rings at the same time.
You can use your tentacles to constrict eight enemies at once.
Your skin changes colour to match your surroundings (Stealth+).
Your rubbery body absorbs attacks. (AC +1, EV +1)
One of your tentacles bears a large vicious spike.


Message History

You hit Grinder. You grab Grinder.
Grinder is lightly wounded.
You constrict Grinder. Grinder gestures at you.
You suddenly lose the ability to move!
You lose your grip on Grinder.
Your ball python barely misses Grinder.
Your ball python grabs Grinder.
Your ball python constricts Grinder.
Your ball python bites Grinder but does no damage.
Your ball python constricts Grinder.
Grinder hits you!
You writhe in agony.
Your ball python bites Grinder but does no damage.
Your ball python constricts Grinder.
Grinder hits you!
* * * LOW HITPOINT WARNING * * *
You writhe in agony.
* * * LOW HITPOINT WARNING * * *
Your transformation is almost over.
Your ball python bites Grinder but does no damage.
Your ball python constricts Grinder.
Grinder hits you.
* * * LOW HITPOINT WARNING * * *
You writhe in agony.
You die...

### #...# #######.###.#.#
###### #........##.#.###......
#.#####.....#.....###... #.#
#..#######......# # #.#
##....#.....#.#.# ## #.#
####.#.###.# # S# ≈# #.# #.#$#
.# .# ≈####.# #S@.# .. .#
≈.....# ##5### .## .. .###..#
##..(## .. .# .###..# ##.....##
## ###.# ....(.## ##.......##
##.#.###
#####..####.........####......#
##........+.........'.....###.#
##.....####.........####..#
##....## ##.......## ##.###.#


You could see Grinder and a friendly ball python.

Vanquished Creatures
  An ogre (D:4)
  A hound (D:4)
  An orc wizard (D:3)
  A worker ant (D:4)
  5 adders
  2 oozes
  2 worms
  2 dart slugs
  3 leopard geckos
  4 orcs
  10 bats
  3 giant cockroaches (D:1)
  3 goblins
  4 hobgoblins
  A frilled lizard (D:1)
  10 kobolds
  A leopard gecko skeleton (D:4)
  8 rats
62 creatures vanquished.

Vanquished Creatures (collateral kills)
  Terence (D:3)
1 creature vanquished.

Grand Total: 63 creatures vanquished

Notes
Turn   | Place    | Note
-------+----------+-------------------------------------------
     0 | D:1      | Exodus22XD the Octopode Transmuter began the quest for the
                  | Orb.
     0 | D:1      | Reached XP level 1. HP: 13/13 MP: 3/3
   125 | D:1      | Reached XP level 2. HP: 7/18 MP: 5/5
   608 | D:1      | Reached skill level 1 in Stealth
   677 | D:1      | Learned a level 2 spell: Sticks to Snakes
   680 | D:1      | Reached XP level 3. HP: 10/23 MP: 6/6
  1284 | D:2      | Found an opulent altar of Gozag.
  1910 | D:2      | Reached XP level 4. HP: 17/28 MP: 7/7
  2243 | D:3      | Reached skill level 2 in Stealth
  2452 | D:3      | Noticed Terence
  2618 | D:3      | Killed Terence
  2640 | D:3      | Found a stormy altar of Qazlal.
  3191 | D:3      | Reached skill level 3 in Stealth
  3191 | D:3      | Reached XP level 5. HP: 33/33 MP: 2/8
  3254 | D:4      | Noticed an ogre
  3268 | D:4      | Killed an ogre
  3268 | D:4      | Reached skill level 4 in Stealth
  3268 | D:4      | Reached XP level 6. HP: 33/38 MP: 2/10
  3375 | D:4      | Found Cenuodeafa's Gadget Shoppe.
  3629 | D:4      | Noticed Grinder
  4034 | D:4      | Paralysed by Grinder for 7 turns
  4037 | D:4      | Slain by Grinder

Skill      XL: |  1  2  3  4  5  6 |
---------------+-------------------+-----
Stealth        | 1 3 4 |  4.3
Dodging        | 3 |  3.4
Spellcasting   | 3 |  3.1
Transmutations | 3 |  3.0
Fighting       | |  1.0
Unarmed Combat | |  3.8

Action                   |  1- 3 |  4- 6 || total
-------------------------+-------+-------++-------
Melee: Hand axe          |    91 |    77 ||   168
       Constrict         |    25 |    24 ||    49
       Tentacles         |    13 |    15 ||    28
       Punch             |     3 |     3 ||     6
       Kick              |       |     4 ||     4
       Dagger            |       |     3 ||     3
 Cast: Sticks to Snakes  |     1 |    14 ||    15
       Beastly Appendage |       |     6 ||     6
  Use: Scroll            |       |     5 ||     5
       Potion            |       |     2 ||     2
 Stab: Sleeping          |     6 |     6 ||    12
  Eat: Chunk             |     3 |     7 ||    10
Armor: Skin              |    10 |    10 ||    20
Dodge: Dodged            |    75 |    65 ||   140
